 Dungeon Crawl Stone Soup version 0.28-a0-1143-gcf6077d4cc (webtiles) character file.

Game seed: 4729287418126500336

28 ytrimaz the Covered (level 3, -1/30 HPs)
             Began as a Formicid Fighter on Dec 13, 2021.
             Succumbed to a kobold's poison
             ... on level 2 of the Dungeon.
             The game lasted 00:00:43 (909 turns).

ytrimaz the Covered (Formicid Fighter)               Turns: 909, Time: 00:00:43

Health: -1/30      AC:  7    Str: 22    XL:     3   Next: 30%
Magic:  3/3        EV:  9    Int:  7    God:
Gold:   76         SH:  4    Dex: 10    Spells: 2/2 levels left

rFire   . . .      SeeInvis +   a - +0 war axe
rCold   . . .      Faith    .   c - +0 buckler
rNeg    . . .      Spirit   .   b - +0 scale mail
rPois   +          Reflect  .   (helmet unavailable)
rElec   .          Harm     .   (no cloak)
rCorr   .          Rampage  .   (no gloves)
Will    .....                   (no boots)
Stlth   ..........              (no amulet)
HPRegen 0.10/turn               g - ring of poison resistance
MPRegen 0.08/turn               (no ring)

@: lethally poisoned (-1 -> -6)
A: permanent stasis, dig shafts and tunnels, antennae 3, four strong arms
a: Dig, Shaft Self


You were on level 2 of the Dungeon.
You visited 1 branch of the dungeon, and saw 2 of its levels.

You collected 76 gold pieces.

Inventory:

Hand Weapons
 a - a +0 war axe (weapon)
Armour
 b - a +0 scale mail (worn)
 c - a +0 buckler (worn)
Jewellery
 g - a ring of poison resistance (left hand)
Scrolls
 f - a scroll of summoning
Potions
 d - a potion of might


   Skills:
 + Level 3.7 Fighting
 + Level 2.7 Axes
 + Level 3.7 Armour
 - Level 3.6 Shields


You had 2 spell levels left.
You didn't know any spells.
Your spell library was empty.

Dungeon Overview and Level Annotations

Branches:
Dungeon (2/15)

Altars:


Innate Abilities, Weirdness & Mutations

You cannot be hasted, slowed, berserked, paralysed or teleported.
You can dig through walls and to a lower floor.
You have a pair of large antennae on your head. (SInv)
Your four strong arms can wield two-handed weapons with a shield.


Message History

Found a robe.
Unknown command.
No target in view!
You now have 76 gold pieces (gained 14).
You open the door.
Key pressed, stopping explore.
No target in view!
There is an open door here.
A kobold comes into view. It is wielding a +2 dagger of venom.
A kobold is nearby!
The kobold hits you with a +2 dagger of venom.
You are poisoned.
You closely miss the kobold.
You feel very sick. The kobold hits you but does no damage.
You are more poisoned.
You barely miss the kobold.
You feel very sick. The kobold hits you but does no damage.
You are lethally poisoned!
You block the kobold's attack.
You slash the kobold!
You kill the kobold!
You feel extremely sick.
Unknown command.
You feel very sick.
Things that are here:
a +2 dagger of venom; a stone Unknown command.
Okay, then.
There is a lethal amount of poison in your body!
* * * LOW HITPOINT WARNING * * *
You feel very sick.
* * * LOW HITPOINT WARNING * * *
You feel very sick.
* * * LOW HITPOINT WARNING * * *
You feel sick.
* * * LOW HITPOINT WARNING * * *
You feel sick.
You die...

##<###.######.............#
#.# #.....รท..............#
#.# ########.............
#.. ................####
### #######............##
########......# ####
#....[.# #...####......#
+...@.##......#
#...#.##......#
#...#.######.###### #...#.#
#......#
#...#.######......#
#...#.##..........#
#...#.##.........##
#...#..'.........#
####.........#


There were no monsters in sight!

Vanquished Creatures
  An adder (D:2)
  A dart slug (D:1)
  4 bats (D:1)
  2 endoplasms
  A hobgoblin (D:1)
  4 ball pythons (D:1)
  3 frilled lizards (D:1)
  2 kobolds
  A rat (D:1)
19 creatures vanquished.

Notes
Turn   | Place    | Note
-------+----------+-------------------------------------------
     0 | D:1      | ytrimaz the Formicid Fighter began the quest for the Orb.
     0 | D:1      | Reached XP level 1. HP: 18/18 MP: 1/1
   160 | D:1      | Reached XP level 2. HP: 24/24 MP: 2/2
   303 | D:1      | Found a faded altar of an unknown god.
   646 | D:2      | Reached XP level 3. HP: 18/30 MP: 3/3
   908 | D:2      | HP: 1/30 [poisoned by a kobold]
   909 | D:2      | Succumbed to a kobold's poison

Illustrated notes

Levels and vault maps discovered:
D:1:      dpeg_arrival_houses_and_road, layout_rooms,
          shapermc_ecumenical_altar_mp_vishouse, hex_large
D:2:      layout_basic, basic_altar

Action                   || total
-------------------------++-------
Melee: War axe           ||    56
  Use: Scroll            ||     2
Armor: Scale mail        ||    29
Dodge: Dodged            ||    25
Block: Buckler           ||     5

Table legend: (Time is in decaauts)
 A = Elapsed time spent in this place.
 B = Non-inter-level travel time spent in this place.
 C = Inter-level travel time spent in this place.
 D = Time resting spent in this place.
 E = Time spent auto-exploring this place.
 F = Levels seen in this place.
 G = Mean time per level.
                   A        B        C        D        E       F      G
               +--------+--------+--------+--------+--------+-----+--------+
         Total |    930 |    914 |     16 |    217 |    542 |   2 |  465.0 |
       Dungeon |    930 |    914 |     16 |    217 |    542 |   2 |  465.0 |
               +--------+--------+--------+--------+--------+-----+--------+

Top non-repeatable levels by time:
     D:1: 636 daAuts
     D:2: 293 daAuts
